AoeStats
← SeemsFishy

Arena

505512776Analyzed
4v4 RM · 23d ago on Sep 9, 2026· 35m 54s· 8 players
Game mode
Random Map
Map size
Large (8 player)
Population
200
Speed
Normal
Resources
Standard
Victory
Conquest
Starting age
Dark Age
Ending age
Imperial Age
RankedLock teamsTeams togetherTeam positionsShared explorationLock speedFull tech treeHidden civsTurbo modeCheats
Victory
Defeat
1456
+12
🇨🇳 Berbers · China
1411
+13
🇬🇧 Hindustanis · United Kingdom
1397
+14
🇶🇦 Vietnamese · Qatar
1392
+14
🇹🇷 Sicilians · Türkiye
1419
-15
🇹🇷 Tupi · Türkiye
1385
-15
🇹🇷 Persians · Türkiye
1317
-12
🇹🇷 Poles · Türkiye
1300
-11
JanChess
10:57 Feudal Age
14:52 Castle Age
13:16 Double-Bit Axe
13:43 Horse Collar
14:18 Gold Mining
15:48 Wheelbarrow
16:15 Bow Saw
17:20 Scale Mail Armor
21:56 Heavy Plow
21:54 Stone Mining
24:44 Loom
25:38 Stone Shaft Mining
25:56 Hand Cart
25:28 Town Watch
27:06 Fortified Wall
26:56 Fletching
27:43 Bodkin Arrow
31:20 Imperial Age
30:41 Ballistics
30:44 Bodkin Arrow
30:51 Padded Archer Armor
30:59 Thumb Ring
31:10 Squires
31:27 Chain Mail Armor
31:23 Forging
32:13 Bracer
33:17 Chemistry
32:57 Leather Archer Armor
33:52 Plate Mail Armor
34:01 Iron Casting
33:12 Treadmill Crane
35:22 Caravan
35:33 Guilds
35:54 Coinage
36:39 Two-Man Saw
36:53 Ring Archer Armor
36:22 Murder Holes
网恋被骗50块
9:00 Loom
10:46 Feudal Age
15:18 Castle Age
13:28 Double-Bit Axe
13:25 Horse Collar
16:53 Bow Saw
22:37 Heavy Plow
22:57 Town Watch
24:01 Wheelbarrow
24:51 Bloodlines
24:35 Gold Mining
25:54 Forging
26:05 Stone Mining
26:59 Gold Shaft Mining
26:56 Hand Cart
27:35 Scale Barding Armor
28:05 Iron Casting
29:09 Chain Barding Armor
33:53 Imperial Age
31:41 Fletching
31:51 Padded Archer Armor
32:34 Stone Shaft Mining
32:49 Treadmill Crane
33:33 Bodkin Arrow
33:53 Leather Archer Armor
34:05 Ballistics
33:42 Murder Holes
34:34 Kasbah
34:55 Conscription
34:41 Husbandry
34:12 Heavy Camel Rider
SeemsFishy
10:53 Feudal Age
14:31 Castle Age
12:56 Double-Bit Axe
13:28 Horse Collar
15:37 Bow Saw
19:32 Heavy Plow
20:19 Wheelbarrow
19:31 Loom
19:37 Town Watch
20:41 Gold Mining
22:44 Gold Shaft Mining
22:39 Hand Cart
23:17 Scale Barding Armor
23:45 Stone Mining
28:41 Imperial Age
26:26 Bloodlines
26:19 Husbandry
26:56 Chain Barding Armor
26:59 Light Cavalry
27:51 Forging
28:52 Stone Shaft Mining
28:51 Heavy Camel Rider
30:27 Plate Barding Armor
30:28 Iron Casting
30:52 Imperial Camel Rider
33:47 Blast Furnace
32:38 Fletching
35:47 Hussar
Yucatan_water_supremacy
5:54 Loom
8:33 Feudal Age
9:55 Town Watch
10:48 Fletching
34:04 Castle Age
32:17 Double-Bit Axe
32:35 Gold Mining
34:45 Bodkin Arrow
35:52 Town Patrol
Enginator
10:39 Feudal Age
14:26 Castle Age
12:45 Double-Bit Axe
13:17 Horse Collar
15:08 Bow Saw
19:57 Loom
23:48 Bloodlines
25:29 Scale Barding Armor
29:10 Wheelbarrow
29:21 Heavy Plow
32:12 Husbandry
35:42 Imperial Age
32:53 Pikeman
33:34 Squires
33:55 Scale Mail Armor
34:06 Forging
35:04 Chain Barding Armor
35:22 Cavalier
Cakalavcisi
9:35 Loom
12:26 Feudal Age
14:57 Fletching
DarkPaladin
11:04 Feudal Age
16:01 Castle Age
15:13 Double-Bit Axe
15:50 Horse Collar
24:11 Fletching
24:33 Forging
26:46 Heavy Plow
26:57 Bow Saw
30:22 Imperial Age
29:59 Gold Mining
30:18 Bodkin Arrow
30:24 Padded Archer Armor
31:24 Bracer
32:14 Leather Archer Armor
32:31 Ballistics
33:15 Chemistry
33:24 Conscription
35:57 Ring Archer Armor
36:02 Iron Casting
35:28 Scale Mail Armor
34:56 Pikeman
35:36 Squires
35:22 Arson
KASIRGA
11:36 Feudal Age
16:24 Castle Age
14:20 Horse Collar
14:30 Double-Bit Axe
18:40 Loom
21:38 Wheelbarrow
23:37 Hand Cart
26:58 Gold Mining
30:40 Imperial Age
28:54 Szlachta Privileges
29:18 Scale Barding Armor
29:24 Forging
29:29 Husbandry
29:39 Bloodlines
31:28 Chain Barding Armor
31:15 Cavalier
33:02 Heavy Plow
33:58 Iron Casting
Connection lost

Rejoining the realm…

Still unreachable

The connection could not be restored.

Session expired

The server has moved on; the page needs a fresh start.